 Dungeon Crawl Stone Soup version 0.24-a0-176-gc3651c4 (webtiles) character file.

Game seed: 11996946093927739540

186 Dfrag the Firebug (level 5, -7/35 HPs)
             Began as a Demonspawn Fire Elementalist on Mar 13, 2019.
             Mangled by a gnoll
             ... wielding a +0 spear
              (11 damage)
             ... on level 3 of the Dungeon.
             The game lasted 00:04:10 (2713 turns).

Dfrag the Firebug (Demonspawn Fire Elementalist)    Turns: 2713, Time: 00:04:11

Health: -7/35      AC:  2    Str:  8    XL:     5   Next: 38%
Magic:  8/10       EV: 12    Int: 17    God:
Gold:   171        SH:  0    Dex: 16    Spells: 2/10 levels left

rFire    . . .     SeeInvis +   k - +0 war axe
rCold    . . .     Gourm    .   (no shield)
rNeg     . . .     Faith    .   a - +0 robe
rPois    .         Spirit   .   (no helmet)
rElec    .         Reflect  .   (no cloak)
rCorr    .         Harm     .   (no gloves)
MR       .....                  (no boots)
Stlth    +++.......             d - amulet of rage
HPRegen  0.11/turn              n - ring of see invisible
MPRegen  0.12/turn              (no ring)

@: berserk cooldown, slowed, very slow
A: thin skeletal structure 1, nightstalker 1
a: Evoke Berserk Rage


You were on level 3 of the Dungeon.
You were very hungry.

You visited 1 branch of the dungeon, and saw 3 of its levels.

You collected 171 gold pieces.

Inventory:

Hand Weapons
 k - a +0 war axe (weapon)
 m - a +0 dagger
Armour
 a - a +0 robe (worn)
Jewellery
 d - an amulet of rage (around neck)
 n - a ring of see invisible (left hand)
 o - a +3 amulet of reflection
Scrolls
 b - 6 scrolls of amnesia {unknown}
 e - 6 scrolls of identify {unknown}
 f - a scroll of enchant weapon {unknown}
 p - a scroll of remove curse {unknown}
Potions
 g - a potion of haste {unknown}
 h - a potion of mutation {unknown}
 i - a potion of magic {unknown}
 j - a potion of brilliance {unknown}
 l - 2 potions of curing {unknown}
Comestibles
 c - 4 rations


   Skills:
 - Level 1.7 Dodging
 - Level 1.7 Stealth
 + Level 3.3 Spellcasting
 + Level 3.1 Conjurations
 + Level 3.9 Fire Magic


You had 2 spell levels left.
You knew the following spells:

 Your Spells              Type           Power        Failure   Level  Hunger
a - Flame Tongue          Conj/Fire      ##...        4%          1    None
b - Conjure Flame         Conj/Fire      ##......     12%         3    ###....
c - Sticky Flame          Conj/Fire      ##......     36%         4    ####...

Your spell library contained the following spells:

 Spells                   Type           Power        Failure   Level  Hunger
 Throw Flame              Conj/Fire      ##....       6%          2    ##.....
 Inner Flame              Hex/Fire       #.......     22%         3    ###....
 Fireball                 Conj/Fire      ##........   73%         5    ######.


Dungeon Overview and Level Annotations

Branches:
Dungeon (3/15)

Altars:


Innate Abilities, Weirdness & Mutations

You have a somewhat thin skeletal structure. (Dex +2, Stealth)
You are slightly more attuned to the shadows.


Message History

The gnoll is lightly wounded.
The gnoll hits you from afar with a +0 halberd!
* * * LOW HITPOINT WARNING * * *
The gnoll hits you.
* * * LOW HITPOINT WARNING * * *
The gnoll closely misses you.
You barely miss the gnoll.
The gnoll is lightly wounded.
The gnoll hits you.
* * * LOW HITPOINT WARNING * * *
The gnoll misses you. The gnoll barely misses you.
Unknown command.
You feel a strong urge to attack something.
You feel your anger nearly subside.
You are no longer berserk.
You are exhausted.
You feel yourself slow down.
There is a stone staircase leading up here.
The gnoll misses you.
The gnoll hits you from afar with a +0 spear!
You die...

#.#### #.#
#....## #.#
#<.)..###. #.#
#..<...... #.#
#.g...# #.#
#..g.## ######.#
#.#.## ##......#
#.#.####.....###
#...ggg@.....#
###.####.....#
#.# ##....# #.#
##.#.# #.#
#.#.### #.#
#.....# #.#
###.#.# ##[#
#(#.# #..#
#.#.#########


You could see 3 gnolls.

Vanquished Creatures
  An orc priest (D:3)
  A gnoll (D:3)
  3 adders
  3 worms
  2 leopard geckos (D:1)
  11 orcs (D:3)
  A ball python (D:1)
  14 giant cockroaches
  8 goblins
  4 hobgoblins
  12 jackals
  8 kobolds
  A quokka (D:2)
  9 bats
  3 frilled lizards
  8 rats
89 creatures vanquished.

Notes
Turn   | Place    | Note
-------+----------+-------------------------------------------
     0 | D:1      | Dfrag the Demonspawn Fire Elementalist began the quest for
                  | the Orb.
     0 | D:1      | Reached XP level 1. HP: 13/13 MP: 3/3
   240 | D:1      | Gained mutation: You are slightly more attuned to the
                  | shadows. [demonic ancestry]
   240 | D:1      | Reached XP level 2. HP: 19/19 MP: 1/5
   822 | D:2      | Reached XP level 3. HP: 13/24 MP: 1/6
  1166 | D:2      | Reached XP level 4. HP: 11/30 MP: 1/8
  1521 | D:2      | Learned a level 3 spell: Conjure Flame
  1526 | D:2      | Learned a level 4 spell: Sticky Flame
  2231 | D:3      | Gained mutation: You have a somewhat thin skeletal
                  | structure. (Dex +2, Stealth) [demonic ancestry]
  2231 | D:3      | Reached XP level 5. HP: 18/35 MP: 3/9
  2713 | D:3      | Mangled by a gnoll

Levels and vault maps discovered:
D:1:      lemuel_arrival_broad_hall, layout_loops_ring, minmay_split_cup_large
D:2:      minmay_roachtagon, layout_loops_corners, serial_rivers,
          chequers_serial_rivers_small_a, chequers_serial_rivers_room_a,
          chequers_serial_rivers_small_b, chequers_serial_rivers_micro_b,
          chequers_serial_rivers_micro_c, minmay_misc_feat_roman
D:3:      layout_loops_ring

Skill      XL: |  1  2  3  4  5 |
---------------+----------------+-----
Fire Magic     | 3 |  3.9
Conjurations   | 2 3 |  3.1
Spellcasting   | 3 |  3.3
Dodging        | |  1.7
Stealth        | |  1.7

Action                   |  1- 3 |  4- 6 || total
-------------------------+-------+-------++-------
Melee: Unarmed           |    59 |       ||    59
       Dagger            |    12 |     1 ||    13
       War axe           |       |    24 ||    24
 Cast: Flame Tongue      |    70 |    68 ||   138
 Abil: Evoke Berserk Rag |     1 |     2 ||     3
 Stab: Sleeping          |       |     1 ||     1
  Eat: Chunk             |     1 |     7 ||     8
Armor: Robe              |    35 |     6 ||    41
Dodge: Dodged            |    97 |    39 ||   136

Table legend:
 A = Non-vault XP
 B = Vault XP
 C = Vault XP percentage of total XP
 D = Non-vault monster count
 E = Vault monster count
 F = Vault count percentage of total count
                 A         B        C        D         E       F
            +---------+---------+-------+---------+---------+-------
      Total |     240 |      26 |   9.8 |      74 |      15 |  16.9
            +---------+---------+-------+---------+---------+-------
        D:1 |      30 |       4 |  11.8 |      16 |       4 |  20.0
        D:2 |      77 |      22 |  22.2 |      26 |      11 |  29.7
        D:3 |     133 |       0 |   0.0 |      32 |       0 |   0.0
            +---------+---------+-------+---------+---------+-------
